 Dungeon Crawl Stone Soup version 0.28-a0-1510-gd0f6b136d3 (webtiles) character file.

Game seed: 16716788967591221462

10168 shadowrider38 the Fighter (level 11, -3/86 HPs)
             Began as a Djinni Fire Elementalist on Jan 16, 2022.
             Was a Priest of Makhleb.
             Killed from afar by a tengu conjurer (18 damage)
             ... with a bolt of lightning
             ... on level 11 of the Dungeon.
             The game lasted 00:37:32 (24919 turns).

shadowrider38 the Fighter (DjFE)                   Turns: 24919, Time: 00:37:33

Health: -3/86      AC:  8    Str:  7    XL:     11   Next: 88%
Gold:   529        EV: 12    Int: 25    God:    Makhleb [***...] SH:  5 Dex:  8

rFire   + + .      SeeInvis .   a - +4 dagger "Buqikian" {flame, rPois rC++ Int+3 Dex-5}
rCold   + + .      Faith    .   (no shield)
rNeg    . . .      Spirit   .   e - +2 leather armour {rPois}
rPois   ∞          Reflect  +   K - +2 helmet
rElec   .          Harm     .   (no cloak)
rCorr   .          Rampage  .   (no gloves)
Will    +....                   (boots unavailable)
Stlth   +.........              D - amulet of reflection
HPRegen 0.24/turn               r - +4 ring of slaying
MPRegen 0.00/turn               y - ring of protection from cold

@: flying
A: sickness immunity, fire resistance 2, cold vulnerability 1, float, innate
caster, hp casting, extra vitality 1
a: Renounce Religion, Minor Destruction, Lesser Servant of Makhleb


You were on level 11 of the Dungeon.
You worshipped Makhleb.
Makhleb was most pleased with you.
You visited 2 branches of the dungeon, and saw 12 of its levels.
You also visited: Sewer.

You collected 529 gold pieces.

Inventory:

Hand Weapons
 a - the +4 dagger "Buqikian" (weapon) {flame, rPois rC++ Int+3 Dex-5}
   (You found it on level 8 of the Dungeon)

   It burns those it strikes, dealing additional fire damage.
   Int:       It affects your intelligence (+3).
   Dex:       It affects your dexterity (-5).
   rC:        It greatly protects you from cold.
   rPois:     It protects you from poison.
 b - a +3 war axe of flaming
 E - a +3 vorpal flail
Missiles
 g - 182 stones
 A - 2 throwing nets
 F - 21 poisoned darts
Armour
 e - a +2 leather armour of poison resistance (worn)
 l - a +2 leather armour of willpower
 m - the +3 ring mail of Edikh {rF+ rCorr Dex+4}
   (You found it in a sewer)

   Dex:       It affects your dexterity (+4).
   rF:        It protects you from fire.
   rCorr:     It protects you from acid and corrosion.
 J - the +0 robe of Jifoipu {rElec Will+ Regen+}
   (You found it on level 10 of the Dungeon)

   rElec:     It insulates you from electricity.
   Regen:     It increases your rate of health regeneration.
   Will:      It increases your willpower.
 K - a +2 helmet (worn)
Jewellery
 r - a +4 ring of slaying (left hand)
 w - a ring of see invisible
 y - a ring of protection from cold (right hand)
 D - an amulet of reflection (around neck)
Wands
 j - a wand of flame (45)
 u - a wand of iceblast (35)
 H - a wand of polymorph (7)
Scrolls
 f - 3 scrolls of enchant weapon
 n - 2 scrolls of blinking
 s - a scroll of summoning
 z - a scroll of torment {unknown}
 B - 7 scrolls of teleportation
 G - a scroll of immolation {unknown}
Potions
 d - 4 potions of heal wounds
 h - a potion of resistance
 i - 5 potions of lignification
 k - 5 potions of curing
 o - a potion of attraction
 q - a potion of berserk rage
 t - 4 potions of might
 v - 2 potions of haste {unknown}
 x - a potion of mutation
 C - 2 potions of cancellation
Miscellaneous
 c - a tin of tremorstones (2/2)
 p - a lightning rod (4/4)
 L - a condenser vane


   Skills:
 + Level 10.8 Fighting
 - Level 6.0 Dodging
 - Level 1.5 Stealth
 - Level 10.0 Spellcasting
 - Level 5.0 Evocations


You had 5 spell levels left.
You knew the following spells:

 Your Spells              Type           Power      Damage    Failure   Level
a - Foxfire               Conj/Fire      100%       2x1d9     1%          1
b - Scorch                Fire           100%       2d10      1%          2
c - Conjure Flame         Conj/Fire      58%        6-21      1%          3
d - Inner Flame           Hex/Fire       58%        N/A       1%          3
e - Flame Wave            Conj/Fire      58%        2d9       1%          4
f - Magic Dart            Conj           100%       1d8       1%          1
g - Searing Ray           Conj           100%       2d8       1%          2
h - Passwall              Tmut/Erth      48%        N/A       1%          2
i - Gell's Gravitas       Tloc           58%        N/A       1%          3
j - Petrify               Tmut/Erth      58%        N/A       1%          4
Your spell library was empty.

Dungeon Overview and Level Annotations

Branches:
Dungeon (11/15)            Temple (1/1) D:4            Lair (0/6) D:11
    Orc (0/2) D:11          Sewer (visited)

Altars:
Ashenzari
Cheibriados
Dithmenos
Elyvilon
Fedhas
Gozag
Hepliaklqana
Kikubaaqudgha
Makhleb
Nemelex Xobeh
Okawaru
Qazlal
Ru
Sif Muna
Trog
Uskayaw
Vehumet
Wu Jian
Xom
Yredelemnul
Zin
The Shining One

Shops:
D:5 !*   D:7 *   D:10 :

Annotations:
D:8 exclusion: hornet
D:9 exclusion: ugly thing


Innate Abilities, Weirdness & Mutations

You are immune to sickness and miasma.
You are immune to poison.
Your flesh is very heat resistant. (rF++)
You are vulnerable to cold. (rC-)
You float through the air rather than walking.
You learn spells naturally, not from books.
Your magical power is your life essence.
You have superior vitality. (+4 MHP)


Message History

Things that are here:
21 arrows; a +0 shortbow The tengu conjurer shouts!
A tengu conjurer is nearby!
A tengu conjurer is nearby!
A tengu conjurer is nearby!
Casting: Foxfire (safe; 1% risk of failure)
Press: ? - help, Q - select action, (/) - cycle Dir - look around, f - activate You conjure some foxfire!
The tengu conjurer casts a spell at you.
The bolt of lightning hits you!!
Unknown command.
Casting: Foxfire (safe; 1% risk of failure)
Press: ? - help, Q - select action, (/) - cycle Dir - look around, f - activate You conjure some foxfire!
The foxfire hits the tengu conjurer.
The tengu conjurer is moderately wounded.
The tengu conjurer points at you and mumbles some strange words.
The bolt of lightning hits you!!
The bolt of lightning hits your foxfire!!
Casting: Foxfire (safe; 1% risk of failure)
Press: ? - help, Q - select action, (/) - cycle Dir - look around, f - activate You conjure some foxfire!
The foxfire hits the tengu conjurer.
The tengu conjurer is moderately wounded.
The tengu conjurer gestures wildly while chanting.
The tengu conjurer conjures a globe of magical energy!
A battlesphere comes into view.
Unknown command.
Unknown command.
Your foxfire dissipates!
The battlesphere moves out of view.
Things that are here:
21 arrows; a +0 shortbow The tengu conjurer points at you and mumbles some strange words.
The bolt of lightning hits you!!
* * * LOW HITPOINT WARNING * * *
The tengu conjurer gestures at you while chanting.
The bolt of lightning hits you!!
You die...

...####.........*.# #....# .###
#.......§.#*######....#
#######.........#Q#...##....#
.....##.....Q...#.#...##....#
####.##...*.....#(...###....#
.# #............#....###....#
.# ##..#....#####..##.......#
.# #....#####........##....#
.####....####..#@#...###....#
......<###.........#..##....#
##............#..####.##.####
#........>.....## #.#..#
##............## #.#.##
##....###.###.# #.#.#
##.....###.###.# #.#.#####
...........#...######.......##
...###.#...........##........##


You could see a tengu conjurer and a battlesphere.

Vanquished Creatures
  A two-headed ogre (D:5)
  Maggie (D:6)
  A gargoyle (D:11)
  A komodo dragon (D:11)
  A troll (D:9)
  2 shadows
  12 yaks
  2 wyverns
  Menkaure (D:7)
  3 water moccasins
  An acid dragon (D:10)
  A black bear (D:4)
  2 sky beasts (D:7)
  8 orc warriors
  8 necrophages
  2 ogres
  6 centaurs
  A phantom (D:5)
  2 kobold brigands
  A bullfrog (Sewer)
  2 scorpions
  A gnoll sergeant (D:10)
  A wyvern zombie (D:9)
  11 killer bees
  20 wights
  3 howler monkeys (D:9)
  2 bullfrog zombies
  A human zombie (D:4)
  4 hounds
  7 orc priests
  A gnoll shaman (D:6)
  Natasha (thrice) (D:2)
  A bullfrog skeleton (D:6)
  An iguana (D:6)
  16 orc wizards
  A hound zombie (D:4)
  2 mummies (D:4)
  4 howler monkey zombies
  13 gnolls
  12 adders
  2 white imps
  An ufetubus (D:3)
  An adder skeleton (D:4)
  2 adder zombies (D:4)
  2 worms (D:2)
  A dart slug (D:2)
  27 orcs
  8 ball pythons
  3 bats
  6 endoplasms
  11 giant cockroaches
  8 hobgoblins
  6 jackals
  9 kobolds
  11 quokkas
  15 frilled lizards
  8 goblins
  5 rats
289 creatures vanquished.

Vanquished Creatures (collateral kills)
  A foxfire (D:2)
1 creature vanquished.

Vanquished Creatures (others)
  1354 foxfires
  10 plants
1364 creatures vanquished.

Grand Total: 1654 creatures vanquished

Notes
Turn   | Place    | Note
-------+----------+-------------------------------------------
     0 | D:1      | shadowrider38 the Djinni Fire Elementalist began the quest
                  | for the Orb.
     0 | D:1      | Reached XP level 1. HP: 15/15 MP: 0/0
   336 | D:1      | Reached skill level 1 in Fighting
   422 | D:1      | Reached XP level 2. HP: 18/22 MP: 0/0
  1147 | D:1      | Reached XP level 3. HP: 22/29 MP: 0/0
  1147 | D:1      | Learned a level 1 spell: Magic Dart
  1698 | D:2      | Found a faded altar of an unknown god.
  2255 | D:2      | Noticed Natasha
  2266 | D:2      | Killed Natasha
  2267 | D:2      | Reached XP level 4. HP: 27/37 MP: 0/0
  3192 | D:2      | Noticed Natasha
  3196 | D:2      | Killed Natasha
  3197 | D:2      | Reached XP level 5. HP: 39/41 MP: 0/0
  3197 | D:2      | Learned a level 2 spell: Searing Ray
  3353 | D:2      | Noticed Natasha
  3360 | D:2      | Killed Natasha
  3567 | D:3      | Noticed a necrophage
  3585 | D:3      | Killed a necrophage
  3586 | D:3      | Reached XP level 6. HP: 32/47 MP: 0/0
  3837 | D:3      | Found a glowing drain.
  3858 | Sewer    | Entered a sewer
  4412 | Sewer    | Reached XP level 7. HP: 45/52 MP: 0/0
  4412 | Sewer    | Learned a level 2 spell: Passwall
  4455 | Sewer    | Identified the +3 ring mail of Edikh {rF+ rCorr Dex+4}
  6471 | D:4      | Reached skill level 5 in Fighting
  6561 | D:4      | Found a staircase to the Ecumenical Temple.
  7198 | D:4      | Noticed a water moccasin
  7206 | D:4      | Killed a water moccasin
  7207 | D:4      | Reached XP level 8. HP: 46/61 MP: 0/0
  7514 | Temple   | Entered the Ecumenical Temple
  7742 | Temple   | Became a worshipper of Makhleb the Destroyer
  8822 | D:4      | Reached skill level 5 in Spellcasting
  8826 | D:4      | Reached XP level 9. HP: 46/70 MP: 0/0
  8826 | D:4      | Learned a level 3 spell: Gell's Gravitas
  9233 | D:5      | Entered Level 5 of the Dungeon
  9628 | D:5      | Reached * piety under Makhleb
 10176 | D:5      | Found Jouchaud's Fire Supplies.
 10386 | D:5      | Found Guovenuo's Distillery.
 11319 | D:6      | Noticed a two-headed ogre
 11890 | D:5      | Killed a two-headed ogre
 11891 | D:5      | Reached skill level 5 in Dodging
 11891 | D:5      | Reached XP level 10. HP: 40/76 MP: 0/0
 12695 | D:7      | Noticed Maggie
 12704 | D:6      | Killed Maggie
 14426 | D:7      | Noticed Menkaure
 14430 | D:7      | Killed Menkaure
 14713 | D:7      | Reached skill level 10 in Fighting
 14829 | D:7      | Found Hyrchauni's CLEARANCE SALE!.
 15419 | D:7      | Reached skill level 1 in Evocations
 16028 | D:8      | Reached ** piety under Makhleb
 16684 | D:8      | Found a hazy altar of Hepliaklqana.
 16709 | D:8      | Reached XP level 11. HP: 73/85 MP: 0/0
 16709 | D:8      | Learned a level 4 spell: Petrify
 17400 | D:8      | Identified the +4 dagger "Buqikian" {flame, rPois rC++
                  | Int+3 Dex-5}
 17500 | D:9      | Reached skill level 5 in Evocations
 18048 | D:9      | Noticed a white ugly thing
 19079 | D:10     | Entered Level 10 of the Dungeon
 19904 | D:10     | Found a glowing silver altar of Zin.
 20303 | D:10     | Reached *** piety under Makhleb
 20859 | D:10     | Found Jebux's Book Emporium.
 20861 | D:10     | Identified the +0 robe of Jifoipu {rElec Will+ Regen+}
 22003 | D:11     | Found a staircase to the Lair.
 22387 | D:11     | Reached skill level 10 in Spellcasting
 23889 | D:11     | Noticed a cyclops
 23950 | D:10     | HP: 1/86 [orc warrior (19)]
 24651 | D:11     | Found a staircase to the Orcish Mines.
 24919 | D:11     | Killed from afar by a tengu conjurer

Illustrated notes

Levels and vault maps discovered:
D:1:      grunt_arrival_crossed_arrows, layout_rooms, minmay_misc_feat_tower
D:2:      layout_basic, dreamdust_ecumenical_altar_grove,
          nicolae_concentric_dashed_squares_wild, grunt_ministairs_9,
          st_stairs_14, uniq_natasha
D:3:      layout_loops_corners, portal_sewer_entry_f
D:4:      layout_basic, lemuel_mausoleum_altar_kikubaaqudgha,
          minmay_temple_entry_tees, grunt_decor_junction,
          nicolae_elevator_lobby_asterisk
D:5:      layout_loops_ring, serial_shops, shop_statue, nicolae_shop_fire_sale
          [nicolae_sub_dead_trees], hangedman_decor_riveting
D:6:      layout_rooms
D:7:      layout_basic, minmay_strange_pillars, nicolae_shop_clearance,
          uniq_maggie, uniq_menkaure
D:8:      layout_cave_pods, nicolae_hepliaklqana_hazy_memory
D:9:      layout_roguey
D:10:     layout_small_grid, overflow_temple_1_default, enter_bailey_3,
          serial_shops, nicolae_shop_trees, dk_rats_in_the_wall
D:11:     layout_rooms, david_lair_shrubbed, david_orc_4
Temple:   mainiacjoe_temple_bowtie_tessellation

Skill      XL: |  1  2  3  4  5  6  7  8  9 10 11 |
---------------+----------------------------------+-----
Fighting       | 1 2 3 4 6 8 10 | 10.8
Spellcasting   | 3 4 5 8 10 | 10.0
Dodging        | 3 4 5 6 |  6.0
Evocations     | 4 5 |  5.0
Stealth        | |  1.5

Action                   |  1- 3 |  4- 6 |  7- 9 | 10-12 || total
-------------------------+-------+-------+-------+-------++-------
Melee: Unarmed           |     4 |       |       |       ||     4
       Dagger            |       |    32 |     1 |    41 ||    74
       Flail             |       |       |    55 |    30 ||    85
       Punch             |       |       |     1 |     1 ||     2
 Cast: Foxfire           |    81 |    85 |   102 |   493 ||   761
       Searing Ray       |       |     5 |    52 |    30 ||    87
       Scorch            |       |       |     8 |    13 ||    21
       Gell's Gravitas   |       |       |     7 |     2 ||     9
       Petrify           |       |       |       |    14 ||    14
       Flame Wave        |       |       |       |    10 ||    10
Invok: Minor Destruction |       |       |       |     3 ||     3
  Use: Scroll            |       |     1 |       |    16 ||    17
 Stab: Sleeping          |       |     1 |     1 |     2 ||     4
       Distracted        |       |       |     1 |       ||     1
Armor: Leather armour    |     4 |    24 |    51 |    74 ||   153
Dodge: Dodged            |    13 |    42 |   102 |   150 ||   307
Block: Other             |       |       |       |    43 ||    43

Table legend: (Time is in decaauts)
 A = Elapsed time spent in this place.
 B = Non-inter-level travel time spent in this place.
 C = Inter-level travel time spent in this place.
 D = Time resting spent in this place.
 E = Time spent auto-exploring this place.
 F = Levels seen in this place.
 G = Mean time per level.
                   A        B        C        D        E       F      G
               +--------+--------+--------+--------+--------+-----+--------+
         Total |  24973 |  23699 |   1274 |  12312 |   7328 |  13 | 1921.0 |
       Dungeon |  23765 |  22528 |   1237 |  11776 |   6849 |  11 | 2160.5 |
        Temple |    240 |    203 |     37 |      0 |    188 |   1 |  240.0 |
         Sewer |    967 |    967 |      0 |    536 |    291 |   1 |  967.0 |
               +--------+--------+--------+--------+--------+-----+--------+

Top non-repeatable levels by time:
     D:4: 3552 daAuts
     D:9: 2941 daAuts
     D:2: 2512 daAuts
     D:5: 2373 daAuts
     D:8: 2290 daAuts
    D:10: 2288 daAuts
     D:7: 2148 daAuts
    D:11: 1875 daAuts
     D:1: 1288 daAuts
     D:3: 1277 daAuts
     D:6: 1218 daAuts
   Sewer: 967 daAuts
  Temple: 240 daAuts
